 Dungeon Crawl Stone Soup version 0.29.1 (webtiles) character file.

Game seed: 3696476904445817626

1607 funnyparkerb the Spear-Bearer (level 8, -2/54 (62) HPs)
             Began as a Merfolk Gladiator on Sept 12, 2022.
             Slain by a hound (5 damage)
             ... on level 6 of the Dungeon.
             The game lasted 00:16:55 (5778 turns).

funnyparkerb the Spear-Bearer (Merfolk Gladiator)   Turns: 5778, Time: 00:16:56

HP:   -2/54 (62)    AC: 14    Str: 16    XL:     8   Next: 95%
MP:   8/8           EV: 12    Int:  8    God:
Gold: 317           SH:  0    Dex: 15    Spells: 7/7 levels left

rFire   . . .      SeeInvis .   a - +1 trident (vamp)
rCold   . . .      Faith    .   u - orb {light}
rNeg    . . .      Spirit   .   j - +0 chain mail
rPois   .          Reflect  .   c - +0 helmet
rElec   .          Harm     .   G - +0 cloak
rCorr   +          Rampage  .   E - +2 pair of gloves
Will    .....                   (no boots)
Stlth   ..........              (no amulet)
HPRegen 0.18/turn               o - ring of resist corrosion
MPRegen 0.11/turn               k - +4 ring of evasion

@: about to teleport, hasted, glowing, heavily drained, very quick
A: (nimble swimmer 2), mertail
a: no special abilities


You were on level 6 of the Dungeon.
You visited 1 branch of the dungeon, and saw 7 of its levels.

You collected 317 gold pieces.

Inventory:

Hand Weapons
 a - a +1 vampiric trident (weapon)
Missiles
 d - 3 throwing nets
 e - a javelin
 m - a boomerang (quivered)
 D - 3 silver boomerangs
Armour
 c - a +0 helmet (worn)
 j - a +0 chain mail (worn)
 s - a +0 plate armour
 u - an orb of light (worn)
 E - a +2 pair of gloves (worn)
 G - a +0 cloak (worn)
Jewellery
 k - a +4 ring of evasion (right hand)
 o - a ring of resist corrosion (left hand)
 F - a ring of see invisible
Wands
 C - a wand of roots (16)
Scrolls
 b - 2 scrolls of summoning {unknown}
 f - a scroll of enchant weapon {unknown}
 g - 5 scrolls of identify {unknown}
 h - a scroll of noise
 i - 2 scrolls of magic mapping {unknown}
 l - 2 scrolls of enchant armour {unknown}
 n - 3 scrolls of teleportation
 q - 2 scrolls of fog {unknown}
 r - 3 scrolls of torment {unknown}
 t - 2 scrolls of vulnerability {unknown}
 w - 2 scrolls of fear {unknown}
 y - a scroll of blinking {unknown}
 B - a scroll of amnesia {unknown}
 H - a scroll of poison {unknown}
Potions
 p - 3 potions of haste
 v - 2 potions of flight {unknown}
 x - 2 potions of ambrosia {unknown}
 z - 2 potions of mutation {unknown}
 A - 4 potions of heal wounds {unknown}


   Skills:
 - Level 5.0 Fighting
 + Level 11.7 Polearms
 - Level 4.0 Throwing
 - Level 3.0 Armour
 - Level 4.0 Dodging


You had 7 spell levels left.
You didn't know any spells.
Your spell library contained the following spells:

 Spells                   Type           Power      Damage    Failure   Level
 Beastly Appendage        Tmut           0%         N/A       100%        1
 Magic Dart               Conj           0%         1d3       100%        1
 Sandblast                Erth           0%         2d4       100%        1
 Passwall                 Tmut/Erth      0%         N/A       100%        2
 Searing Ray              Conj           0%         2d4       100%        2
 Wereblood                Tmut           0%         N/A       100%        2
 Spider Form              Tmut/Pois      0%         N/A       100%        3
 Stone Arrow              Conj/Erth      0%         3d7       100%        3
 Fulminant Prism          Conj/Hex       0%         3d6       100%        4


Dungeon Overview and Level Annotations

Branches:
Dungeon (7/15)
 Temple: D:4-7

Altars:
Ashenzari

Annotations:
D:4 2 transporters


Innate Abilities, Weirdness & Mutations

((You are very nimble when in or above water. (Stealth+, EV+, Speed+++)))
Your lower body shifts to a powerful aquatic tail in water.


Message History

You feel a sense of dread.
You climb downwards.
The hound misses you. The wight misses you.
The wight hits you with a +4 great sword.
You feel drained. The wight misses you.
The wight hits you with a +2 flail of freezing!
You feel drained. The wight freezes you.
The wight hits you with a +3 battleaxe. The hound bites you but does no damage.
The wight closely misses you.
The orc wizard casts a spell.
The orc wizard flickers and vanishes!
Deactivating autopickup; reactivate with Ctrl-A.
The wight hits you with a +0 hand axe. The wight hits you but does no damage.
The wight hits you with a +4 great sword.
The wight misses you.
There is a stone staircase leading up, spattered with blood here.
The hound bites you but does no damage. The wight barely misses you.
The wight misses you. x2; The wight hits you but does no damage. x2
The hound bites you but does no damage.
You climb upwards.
Reactivating autopickup.
There is a stone staircase leading down here.
Sorry, you're not good enough to have a special ability.
As you read the scroll of teleportation, it crumbles to dust.
You feel strangely unstable. The hound bites you but does no damage.
The wight barely misses you.
The wight hits you with a +4 great sword!
You feel drained.
You barely miss the hound. The hound bites you but does no damage.
You hit the hound.
You feel better.
The hound is moderately wounded.
The wight hits you with a +4 great sword!
* * * LOW HITPOINT WARNING * * *
You feel drained.
* * * LOW HITPOINT WARNING * * *
The wight misses you. The hound bites you but does no damage.
It was a potion of haste.
You feel yourself speed up. The hound bites you but does no damage.
The wight hits you with a +0 hand axe.
* * * LOW HITPOINT WARNING * * *
The wight completely misses you. The hound bites you.
You die...

..[>##.# #.#
#...=#.## .##.##.#
######.#
##....#.##
.##.##.###......#
######.......##
...........######
#...........###
############
####.####.##...##.
#.................
#z##.#......#.....
#z##.#............
#@#...............
#hz#.#..#.....##..
#z##.##.#.##.####.
#.........##.#....
#.#......###.#.##.
##..#..#.#.....##.
##...##.#.....###
#...##.#.....###
#.####.#........


You could see a hound and 4 wights.

Vanquished Creatures
  A water moccasin (D:4)
  An ogre (D:3)
  A centaur (D:7)
  4 phantoms
  A necrophage (D:4)
  2 scorpions
  A water moccasin skeleton (D:5)
  A bullfrog zombie (D:5)
  A centaur zombie (D:5)
  8 hounds
  3 jellies
  A centaur skeleton (D:5)
  5 iguanas
  An orc wizard (D:6)
  A hound zombie (D:5)
  A hound skeleton (D:5)
  7 adders
  3 gnolls (D:3)
  A shadow imp (D:7)
  A white imp (D:6)
  An adder zombie (D:5)
  4 worms
  4 dart slugs
  10 orcs
  10 bats
  4 endoplasms
  6 giant cockroaches
  7 goblins
  6 hobgoblins
  5 jackals
  6 quokkas
  2 ball pythons
  3 frilled lizards
  4 kobolds
  2 rats
119 creatures vanquished.

Notes
Turn   | Place    | Note
-------+----------+-------------------------------------------
     0 | D:1      | funnyparkerb the Merfolk Gladiator began the quest for the
                  | Orb.
     0 | D:1      | Reached XP level 1. HP: 16/16 MP: 1/1
   134 | D:1      | Reached XP level 2. HP: 22/22 MP: 2/2
   377 | D:1      | Reached skill level 5 in Polearms
  1041 | D:2      | Reached XP level 3. HP: 28/28 MP: 3/3
  1593 | D:2      | You fall into a shaft and drop 1 floor!
  1641 | D:3      | Reached XP level 4. HP: 9/34 MP: 4/4
  2091 | D:3      | Reached skill level 1 in Armour
  2304 | D:3      | Noticed an ogre
  2311 | D:3      | Killed an ogre
  2312 | D:3      | Reached skill level 6 in Polearms
  2312 | D:3      | Reached XP level 5. HP: 41/41 MP: 5/5
  2358 | D:3      | Identified the +10 longbow "Voyq Ebo" {flame, *Slow rF+
                  | Str+5}
  2393 | D:3      | Reached XP level 6. HP: 47/47 MP: 6/6
  2414 | D:3      | Reached skill level 7 in Polearms
  2939 | D:3      | Found a faded altar of an unknown god.
  3311 | D:4      | Found a transporter.
  3345 | D:4      | Found a broken altar of Ashenzari.
  3349 | D:4      | Saw a vision of the Shoals and the Snake Pit.
  3349 | D:4      | Noticed a sea snake
  3349 | D:4      | Noticed a sea snake
  3349 | D:4      | Noticed a merfolk
  3349 | D:4      | Noticed a naga
  3349 | D:4      | Noticed a mana viper
  3349 | D:4      | Noticed an alligator snapping turtle
  3349 | D:4      | Noticed a merfolk
  3349 | D:4      | Noticed a sea snake
  3349 | D:4      | Noticed a naga warrior
  3349 | D:4      | Noticed a water elemental
  3349 | D:4      | Noticed a sea snake
  3349 | D:4      | Noticed a naga mage
  3349 | D:4      | Noticed a sea snake
  3349 | D:4      | Noticed a black mamba
  3350 | D:4      | Noticed a naga warrior
  3350 | D:4      | Noticed a manticore
  3350 | D:4      | Noticed a snapping turtle
  3350 | D:4      | Noticed a salamander
  3351 | D:4      | Noticed a manticore
  3714 | D:5      | Entered Level 5 of the Dungeon
  3799 | D:4      | Found a transporter.
  3989 | D:4      | Reached XP level 7. HP: 42/52 MP: 7/7
  4216 | D:4      | Reached skill level 8 in Polearms
  4405 | D:5      | Reached XP level 8. HP: 60/60 MP: 8/8
  4413 | D:5      | Reached skill level 9 in Polearms
  4794 | D:5      | Reached skill level 5 in Fighting
  4969 | D:6      | Reached skill level 10 in Polearms
  5205 | D:6      | Reached skill level 11 in Polearms
  5778 | D:6      | Slain by a hound

Illustrated notes

Levels and vault maps discovered:
D:1:      lightli_molten_gateway, layout_loops_ring,
          chequers_serial_rivers_small_b
D:2:      layout_loops_ring, amethyst_killhole
D:3:      layout_basic, serial_curves, eino_curves_02, eino_curves_03,
          dreamdust_ecumenical_altar_angels_and_demons, minmay_bisected
D:4:      gammafunk_cloud_chamber, layout_loops_cross, grunt_ashenzari_visionary
          [grunt_ashenzari_visionary_shoals, grunt_ashenzari_visionary_snake],
          minmay_close_crescents
D:5:      layout_rooms, serial_undead, serial_undead_f, serial_undead_a,
          serial_undead_e, serial_undead_e, serial_undead_c, serial_undead_c,
          chequers_garden
D:6:      layout_loops_cross, nicolae_overflow_hidden_temple
D:7:      layout_rooms, minmay_temple_entry_waves, minmay_fountain_box

Skill      XL: |  1  2  3  4  5  6  7  8 |
---------------+-------------------------+-----
Polearms       | 5 6 7 8 11 | 11.7
Armour         | 1 2 3 |  3.0
Fighting       | 3 4 5 |  5.0
Throwing       | 3 4 |  4.0
Dodging        | |  4.0

Action                   |  1- 3 |  4- 6 |  7- 9 || total
-------------------------+-------+-------+-------++-------
Melee: Trident           |   115 |   149 |   221 ||   485
       Unarmed           |       |       |     4 ||     4
Throw: Javelin           |       |     2 |       ||     2
       Throwing net      |       |     1 |       ||     1
       Boomerang         |       |     6 |       ||     6
  Use: Scroll            |       |     2 |     1 ||     3
       Potion            |       |     2 |     1 ||     3
 Stab: Sleeping          |     1 |       |       ||     1
       Distracted        |       |     1 |       ||     1
       Held in net/web   |       |     1 |       ||     1
Armor: Leather armour    |     4 |       |       ||     4
       Ring mail         |    31 |    36 |     4 ||    71
       Chain mail        |       |       |    89 ||    89
       Skin              |       |       |     1 ||     1
Dodge: Dodged            |    85 |    77 |   104 ||   266
